 Dungeon Crawl Stone Soup version 0.31-a0-1093-gadecf41 (webtiles) character file.

Game seed: 57704052054842751

69283 PurpleRed the Brawler (level 14, -11/149 HPs)
             Began as a Troll Delver on Nov 28, 2023.
             Was the Champion of Okawaru.
             Mangled by a white ugly thing (34 damage)
             ... on level 13 of the Dungeon.
             The game lasted 00:52:04 (16205 turns).

PurpleRed the Brawler (Troll Delver)               Turns: 16205, Time: 00:52:04

Health: -11/149    AC:  4    Str: 27    XL:     14   Next: 89%
Magic:  17/17      EV: 12    Int:  6    God:    Okawaru [******]
Gold:   1492       SH: 14    Dex: 20    Spells: 13/13 levels left

rFire   . .          .
                       - Unarmed
rCold   . . .        Q - +0 kite shield
rNeg    . . .        M - +1 troll leather armour
rPois   +            a - +0 hat of Heenoqupt {-Cast rElec Dex+9 SInv}
rElec   +            s - +1 cloak
rCorr   +            (gloves unavailable)
SInv    +            (boots unavailable)
Will    +....        k - amulet of reflection
Stlth   ++           l - ring of resist corrosion
HPRegen 2.04/turn    x - ring of poison resistance
MPRegen 0.15/turn

%: no spellcasting, reflection
@: corroded
A: large, unfitting armour, claws 3, regeneration 1, shaggy fur 1, tough skin 1
a: Renounce Religion, Heroism, Finesse, Duel


You were on level 13 of the Dungeon.
You worshipped Okawaru.
Okawaru was exalted by your worship.
You visited 3 branches of the dungeon, and saw 20 of its levels.

You collected 1520 gold pieces.
You spent 28 gold pieces at shops.

Inventory:

Hand Weapons
 R - the +0 dagger "Teiblasch" {freeze, Fly Will+}
   (You took it off an orc on level 12 of the Dungeon)

   Will+:     It increases your willpower.
   Fly:       It grants you flight.
Missiles
 w - a datura-tipped dart
 A - 38 poisoned darts
 B - 5 boomerangs
 L - 4 curare-tipped darts
 O - 12 large rocks (quivered)
 P - 5 silver javelins
 S - 4 javelins
 U - 2 atropa-tipped darts
Armour
 a - the +0 hat of Heenoqupt (worn) {-Cast rElec Dex+9 SInv}
   (Okawaru gifted it to you on level 2 of the Lair of Beasts)

   Dex+9:     It affects your dexterity (+9).
   rElec:     It insulates you from electricity.
   SInv:      It lets you see invisible.
   -Cast:     It prevents spellcasting.
 p - an orb of wrath
 s - a +1 cloak (worn)
 M - a +1 troll leather armour (worn)
 Q - a +0 kite shield (worn)
Jewellery
 k - an amulet of reflection (around neck)
 l - a ring of resist corrosion (left claw)
 n - the ring of Divine Intervention {Fire Int+2}
   (You found it on level 4 of the Dungeon)

   [ring of fire]

   Fire:      It enhances your fire magic.
   Int+2:     It affects your intelligence (+2).
   rF+:       It protects you from fire.
   rC-:       It makes you vulnerable to cold.
 q - a +6 ring of dexterity
 x - a ring of poison resistance (right claw)
 G - an amulet of guardian spirit
 I - a ring of willpower
 Y - a ring of protection from cold
Talismans
 C - the maw talisman of Fofeqox {rElec rF+ Str+2 Dex-3}
   (You found it on level 8 of the Dungeon)

   [maw talisman]

   Str+2:     It affects your strength (+2).
   Dex-3:     It affects your dexterity (-3).
   rF+:       It protects you from fire.
   rElec:     It insulates you from electricity.
 V - a granite talisman
Wands
 f - a wand of digging (16)
 h - a wand of flame (18)
 r - a wand of mindburst (7)
 H - a wand of polymorph (6)
 J - a wand of roots (8)
 K - a wand of acid (3)
Scrolls
 b - 4 scrolls of fog
 c - 6 scrolls of revelation
 d - 4 scrolls of fear
 i - 6 scrolls of teleportation
 t - a scroll of enchant weapon
 v - 3 scrolls of immolation
 y - 2 scrolls of vulnerability
 T - a scroll of blinking {unknown}
 W - a scroll of poison
Potions
 e - 2 potions of haste
 g - 4 potions of curing
 j - 3 potions of magic
 m - 4 potions of mutation
 o - 8 potions of heal wounds
 u - a potion of enlightenment
 z - 3 potions of brilliance
 D - 3 potions of attraction {unknown}
 E - a potion of ambrosia {unknown}
 F - 2 potions of lignification {unknown}
 N - 2 potions of berserk rage {unknown}
 X - 2 potions of invisibility {unknown}
Miscellaneous
 Z - a lightning rod (4/4)


   Skills:
 + Level 12.0 Fighting
 - Level 6.0 Throwing
 - Level 3.0 Armour
 - Level 6.0 Dodging
 - Level 2.7 Stealth
 + Level 2.0 Shields
 * Level 19.0 Unarmed Combat
 + Level 6.6 Invocations


You had 13 spell levels left.
You didn't know any spells.
Your spell library contained the following spells:

 Spells                   Type           Power      Damage    Failure   Level
 Freeze                   Ice            0%         1d3       75%         1
 Kiss of Death            Conj/Necr      0%         2d5       75%         1
 Slow                     Hex            0%         N/A       75%         1
 Cigotuvi's Dreadful Rot  Necr/Pois/Air  0%         N/A       87%         2
 Sublimation of Blood     Necr           0%         N/A       87%         2
 Confusing Touch          Hex            0%         N/A       98%         3
 Frozen Ramparts          Ice            0%         1d1       98%         3
 Hailstorm                Conj/Ice       0%         3d3       98%         3
 Ozocubu's Armour         Ice            0%         N/A       98%         3
 Sigil of Binding         Hex            0%         N/A       98%         3
 Vampiric Draining        Necr           0%         2d6       98%         3
 Cause Fear               Hex            0%         N/A       100%        4
 Dispel Undead            Necr           0%         3d6       100%        4
 Leda's Liquefaction      Hex/Erth       0%         N/A       100%        4
 Petrify                  Tmut/Erth      0%         N/A       100%        4
 Fireball                 Conj/Fire      0%         3d3       100%        5
 Irradiate                Conj/Tmut      0%         3d11      100%        5
 Lee's Rapid Deconstruct  Erth           0%         3d4*      100%        5
 Metabolic Englaciation   Hex/Ice        0%         N/A       100%        5
 Bombard                  Conj/Erth      0%         9d1       100%        6
 Death Channel            Necr           Unusable   N/A       N/A         6
 Simulacrum               Ice/Necr       Unusable   N/A       N/A         6
 Dragon's Call            Summ           Unusable   N/A       N/A         9

Dungeon Overview and Level Annotations

Branches:
Dungeon (14/15)            Temple (1/1) D:6            Lair (5/5) D:11
  Swamp (0/4) Lair:2       Spider (0/4) Lair:3        Slime (0/5) Lair:4
    Orc (0/2) D:12         Vaults (0/5) D:13

Altars:
Ashenzari
Cheibriados
Dithmenos
Elyvilon
Fedhas
Gozag
Hepliaklqana
Kikubaaqudgha
Makhleb
Nemelex Xobeh
Okawaru
Qazlal
Ru
Sif Muna
Trog
Uskayaw
Vehumet
Wu Jian
Xom
Yredelemnul
Zin
The Shining One
Jiyva

Shops:
D:6 :   D:7 :(:(   D:8 *

Portals:
Trove: D:10 (give 2 scrolls of acquirement)

Annotations:
D:9 3 runed translucent doors, Erolcha; uhhuh's ghost, novice DsWn
Lair:3 2 transporters, PhillyD's ghost, journeyman GnHu


Innate Abilities, Weirdness & Mutations

You are too large for most types of armour.
You have claws for hands.
Your natural rate of healing is unusually fast.
You are covered in fur. (AC +1)
You have tough skin. (AC +1)


Message History

The cyan ugly thing is severely wounded.
The cyan ugly thing basks in the mutagenic energy from its kin and changes!
The boulder beetle hits you!!
The boulder beetle stops rolling and uncurls.
You closely miss the cyan ugly thing.
The cyan ugly thing is severely wounded.
The boulder beetle bites you! You block the cyan ugly thing's attack.
You mangle the cyan ugly thing!!
You kill the cyan ugly thing!
Okawaru accepts your kill.
The boulder beetle bites you but does no damage.
Your Fighting skill increases to level 12!
Your Shields skill increases to level 2!
You mangle the boulder beetle!!
The boulder beetle is heavily wounded.
You barely miss the white ugly thing. The boulder beetle bites you!
The white ugly thing gores you. The white ugly thing freezes you!
You scratch the boulder beetle but do no damage.
The boulder beetle is moderately wounded.
You block the boulder beetle's attack.
You scratch the boulder beetle but do no damage.
The boulder beetle is moderately wounded.
The white ugly thing gores you! The white ugly thing freezes you!
The boulder beetle bites you!
You closely miss the white ugly thing.
The white ugly thing gores you but does no damage.
You mangle the white ugly thing!!
The white ugly thing is moderately wounded.
You block the boulder beetle's attack.
You block the white ugly thing's attack.
You closely miss the white ugly thing.
The white ugly thing is moderately wounded.
The boulder beetle bites you!!
* * * LOW HITPOINT WARNING * * *
You scratch the white ugly thing but do no damage.
The white ugly thing is moderately wounded.
The white ugly thing gores you!
* * * LOW HITPOINT WARNING * * *
The white ugly thing freezes you!!
You die...

#..........# #........# #
#..........# ##'####### ##
#..........# #.## ##.
#....<>....# #).# #..
#..[.∩<....## ##.# ##.#
#...........#### #.# #...
#...........'..# #.# #..†
#...........##>#####.# #...
#...........##)u@B...####### #...
............########.......###...
#...+.......# #.#####.......
#####.......# #.# #####...
######'## #.# #... #......# #.#
###. #####'###### #.# #.
.##........# ####+##### ##
.##........######........# #


You could see a boulder beetle and a white ugly thing.

Vanquished Creatures
  2 hydras
  3 centaur warriors
  5 boulder beetles
  6 two-headed ogres
  A tengu warrior (D:14)
  Urug (D:12)
  Sonja (D:11)
  A skyshark (Lair:5)
  Amaemon (D:9)
  5 lindwurms
  An orc knight (D:12)
  2 bog bodies (Lair:2)
  A manticore (D:12)
  5 ugly things (D:13)
  13 elephants
  2 cyclopes
  An oklob plant (Lair:2)
  2 black mambas
  A torpor snail (Lair:3)
  23 cane toads
  An orange demon (D:9)
  2 gargoyles (D:10)
  A kobold demonologist (D:12)
  An unseen horror (D:12)
  3 rime drakes
  4 tengu conjurers (D:13)
  6 komodo dragons
  A polar bear (Lair:3)
  2 tyrant leeches (Lair:5)
  4 trolls
  A hornet (D:10)
  A tarantella (Lair:3)
  Grinder (D:6)
  31 blink frogs
  2 slime creatures (D:13)
  A culicivora (Lair:3)
  2 shadows (D:11)
  13 dream sheep
  2 wyverns
  3 vampires
  16 humans
  42 yaks
  4 wraiths
  4 basilisks
  Grum (D:10)
  A steam dragon (D:9)
  9 vampire mosquitoes
  Edmund (D:6)
  3 wargs (D:11)
  2 acid dragons
  16 water moccasins
  A sky beast (D:7)
  17 orc warriors
  An ice beast (D:6)
  2 black bears
  2 ogres
  26 wolves
  11 centaurs
  4 kobold brigands
  18 bullfrogs
  2 gnoll sergeants
  4 scorpions
  5 wights (D:7)
  3 killer bees (D:8)
  4 howler monkeys
  3 electric eels (Lair:5)
  A bullfrog zombie (D:5)
  A centaur zombie (D:5)
  3 hounds
  A jelly (D:5)
  11 orc priests
  Crazy Yiuf (D:5)
  A gnoll bouda (D:11)
  2 sleepcaps
  A scorpion zombie (D:5)
  4 iguanas
  7 orc wizards
  2 hound zombies (D:5)
  A howler monkey zombie (D:5)
  12 gnolls
  A gnoll (shapeshifter) (D:13)
  7 adders
  3 shadow imps
  2 white imps
  4 ufetubi (D:5)
  2 worms
  4 dart slugs
  68 orcs
  5 endoplasms
  3 giant cockroaches
  9 goblins
  6 hobgoblins
  21 kobolds
  2 quokkas (D:1)
  6 ball pythons
  4 bats
  2 frilled lizards
  3 rats
561 creatures vanquished.

Notes
Turn   | Place    | Note
-------+----------+-------------------------------------------
     0 | D:5      | PurpleRed the Troll Delver began the quest for the Orb.
     0 | D:5      | Reached XP level 1. HP: 22/22 MP: 0/0
    20 | D:5      | Reached XP level 2. HP: 25/29 MP: 1/1
    25 | D:5      | Reached skill level 3 in Unarmed Combat
    39 | D:5      | Found a basalt altar of Yredelemnul.
    47 | D:5      | Reached XP level 3. HP: 34/36 MP: 2/2
    58 | D:5      | Reached skill level 4 in Unarmed Combat
    58 | D:5      | Reached XP level 4. HP: 36/45 MP: 3/3
   106 | D:5      | Reached XP level 5. HP: 53/53 MP: 4/4
   295 | D:5      | Reached skill level 5 in Unarmed Combat
   305 | D:5      | Reached XP level 6. HP: 51/62 MP: 5/5
   433 | D:5      | Noticed a water moccasin
   539 | D:4      | Reached skill level 6 in Unarmed Combat
   837 | D:4      | Identified the ring of Divine Intervention {Fire Int+2}
   870 | D:4      | Reached XP level 7. HP: 69/70 MP: 6/6
  1443 | D:5      | Reached skill level 7 in Unarmed Combat
  1562 | D:5      | Found a runed translucent door.
  1563 | D:5      | Noticed Crazy Yiuf
  1628 | D:5      | Found a blossoming altar of Fedhas.
  1861 | D:5      | Reached skill level 5 in Fighting
  1861 | D:5      | Reached XP level 8. HP: 79/80 MP: 7/7
  1864 | D:5      | Found a glowing golden altar of the Shining One.
  1980 | D:5      | Killed Crazy Yiuf
  1981 | D:5      | Reached skill level 8 in Unarmed Combat
  2128 | D:6      | Noticed Edmund
  2140 | D:6      | Killed Edmund
  2232 | D:6      | Reached skill level 9 in Unarmed Combat
  2325 | D:6      | Found Motonk's Book Shop.
  2325 | D:6      | Noticed Grinder
  2343 | D:6      | Killed Grinder
  2473 | D:6      | Reached XP level 9. HP: 76/89 MP: 8/8
  2559 | D:6      | Found a staircase to the Ecumenical Temple.
  2563 | Temple   | Entered the Ecumenical Temple
  2568 | Temple   | Became a worshipper of Warmaster Okawaru
  2909 | D:1      | Found a faded altar of an unknown god.
  3660 | D:2      | Reached skill level 10 in Unarmed Combat
  5244 | D:7      | Found Borined's Weapon Shop.
  5471 | D:7      | Found a transporter.
  5471 | D:7      | Found Yvvu's Antique Weapon Boutique.
  5535 | D:7      | Found a transporter.
  5600 | D:7      | Found Yqimpuog's Antique Weapon Boutique.
  5691 | D:7      | Found Xuyxus's Book Shop.
  5766 | D:7      | Found Goxur's Tiny Tomes.
  5936 | D:8      | Reached skill level 11 in Unarmed Combat
  5959 | D:8      | Identified the maw talisman of Fofeqox {rElec rF+ Str+2
                  | Dex-3}
  5994 | D:8      | Found Mosaoxea's CLEARANCE SALE!.
  5998 | D:8      | Bought a potion of brilliance for 28 gold pieces
  6053 | D:8      | Reached * piety under Okawaru
  6232 | D:8      | Reached ** piety under Okawaru
  6357 | D:8      | Reached XP level 10. HP: 97/102 MP: 9/9
  6751 | D:8      | Reached skill level 12 in Unarmed Combat
  6818 | D:9      | Noticed an orange demon
  6827 | D:9      | Killed an orange demon
  6828 | D:9      | Reached skill level 1 in Invocations
  6841 | D:9      | Noticed Amaemon
  6859 | D:9      | Killed Amaemon
  7229 | D:9      | Noticed Erolcha
  7354 | D:9      | Found a runed translucent gate.
  7354 | D:9      | Found a runed translucent gate.
  7354 | D:9      | Found a runed translucent gate.
  7354 | D:9      | Noticed uhhuh's ghost (novice DsWn)
  7354 | D:9      | Noticed an 11-headed hydra
  7469 | D:10     | Entered Level 10 of the Dungeon
  7522 | D:10     | Noticed Grum
  7524 | D:10     | Killed Grum
  7597 | D:10     | Noticed a gargoyle
  7607 | D:10     | Killed a gargoyle
  7607 | D:10     | Reached *** piety under Okawaru
  7608 | D:10     | Reached skill level 13 in Unarmed Combat
  7817 | D:10     | Noticed a gargoyle
  7821 | D:10     | Killed a gargoyle
  8056 | D:10     | Found a portal to a secret trove of treasure.
  8180 | D:11     | Noticed Sonja
  8184 | D:11     | Killed Sonja
  8185 | D:11     | Reached XP level 11. HP: 107/113 MP: 12/12
  8220 | D:11     | HP: 4/113 [yak (8)]
  8342 | D:12     | Reached **** piety under Okawaru
  8488 | D:11     | Found a staircase to the Lair.
  8496 | D:11     | Noticed a two-headed ogre
  8509 | D:11     | Killed a two-headed ogre
  8571 | D:11     | Reached skill level 14 in Unarmed Combat
  8730 | D:11     | Noticed a two-headed ogre
  8740 | D:11     | Killed a two-headed ogre
  8740 | D:11     | Reached ***** piety under Okawaru
  8740 | D:11     | Received a gift from Okawaru
  8844 | D:11     | Reached skill level 5 in Invocations
  8853 | D:11     | Reached skill level 1 in Armour
  9136 | D:12     | Noticed a boulder beetle
  9156 | D:12     | Killed a boulder beetle
  9188 | D:12     | Noticed a two-headed ogre
  9189 | D:12     | Found a staircase to the Orcish Mines.
  9198 | D:12     | Killed a two-headed ogre
  9269 | D:12     | Noticed a two-headed ogre
  9279 | D:12     | Killed a two-headed ogre
  9279 | D:12     | Received a gift from Okawaru
  9311 | D:12     | Reached XP level 12. HP: 109/123 MP: 14/14
  9348 | D:12     | Identified the +0 dagger "Teiblasch" {freeze, Fly Will+}
  9417 | D:12     | Noticed a boulder beetle
  9427 | D:12     | Killed a boulder beetle
  9428 | D:12     | Reached skill level 1 in Throwing
  9428 | D:12     | Reached skill level 15 in Unarmed Combat
  9440 | D:12     | Noticed Urug
  9455 | D:12     | Killed Urug
  9644 | D:12     | Noticed a boulder beetle
  9651 | D:12     | Noticed a two-headed ogre
  9654 | D:12     | Killed a boulder beetle
  9662 | D:12     | Killed a two-headed ogre
  9662 | D:12     | Received a gift from Okawaru
  9864 | D:13     | Noticed a centaur warrior
  9864 | D:13     | Noticed a two-headed ogre
  9864 | D:13     | Found a gate to the Vaults.
  9938 | Lair:1   | Entered Level 1 of the Lair of Beasts
 10112 | Lair:1   | Reached skill level 10 in Fighting
 10359 | Lair:1   | Received a gift from Okawaru
 10361 | Lair:1   | Reached skill level 16 in Unarmed Combat
 11149 | Lair:2   | Found a staircase to the Swamp.
 11157 | Lair:2   | Reached XP level 13. HP: 135/135 MP: 15/15
 11199 | Lair:2   | Reached ****** piety under Okawaru
 11200 | Lair:2   | Acquired a +4 executioner's axe of venom
 11200 | Lair:2   | Received a gift from Okawaru
 11202 | Lair:2   | Acquired the +0 hat of Heenoqupt {-Cast rElec Dex+9 SInv}
 11202 | Lair:2   | Received a gift from Okawaru
 11880 | Lair:2   | Reached skill level 5 in Throwing
 12170 | Lair:3   | Received a gift from Okawaru
 12276 | Lair:3   | Found a transporter.
 12284 | Lair:3   | Found a bloodstained altar of Trog.
 12300 | Lair:3   | Noticed PhillyD's ghost (journeyman GnHu)
 12318 | Lair:3   | Found a transporter.
 12325 | Lair:3   | Upgraded the game from 0.31-a0-1090-gc13cea2 to
                  | 0.31-a0-1093-gadecf41
 12338 | Lair:3   | Found a hole to the Spider Nest.
 12969 | Lair:4   | Reached skill level 17 in Unarmed Combat
 13191 | Lair:4   | Found a staircase to the Slime Pits.
 13191 | Lair:4   | Found a viscous altar of Jiyva.
 13254 | Lair:4   | Found a burning altar of Makhleb.
 13361 | Lair:4   | Received a gift from Okawaru
 13579 | Lair:4   | Identified the +1 helmet of Whack-A-Mole {rC- Dex+7}
 13714 | Lair:4   | Identified the +1 pair of gloves "Qioddana" {Int+2}
 13716 | Lair:4   | Identified the staff of Moral Flaws {rElec rN+ SInv Necro}
 13871 | Lair:5   | Entered Level 5 of the Lair of Beasts
 13921 | Lair:5   | Received a gift from Okawaru
 13931 | Lair:5   | Reached skill level 5 in Dodging
 13950 | Lair:5   | Reached XP level 14. HP: 42/146 MP: 16/16
 14176 | Lair:5   | Reached skill level 18 in Unarmed Combat
 14192 | Lair:5   | Received a gift from Okawaru
 14661 | Lair:5   | Received a gift from Okawaru
 15593 | D:13     | Received a gift from Okawaru
 15678 | D:13     | Reached skill level 1 in Shields
 16110 | D:14     | Reached skill level 19 in Unarmed Combat
 16118 | D:13     | Received a gift from Okawaru
 16205 | D:13     | Mangled by a white ugly thing

Illustrated notes

Levels and vault maps discovered:
D:1:      dpeg_arrival_concentric_ovals, layout_basic,
          hellmonk_ecumenical_altar_lost_god, grunt_decor_one_mirror
D:2:      layout_basic
D:3:      layout_basic, nicolae_underground_beach
D:4:      layout_gridville
D:5:      corexii_shack_village, layout_loops_ring,
          nicolae_yredelemnul_corpse_copse, lemuel_crystal_altar,
          nicolae_tso_swordbearing_angel, kennysheep_cross_bottleneck,
          uniq_crazy_yiuf_cottage
D:6:      layout_rooms, temple_hall_moat, serial_shops, shop, uniq_edmund,
          uniq_grinder
D:7:      layout_basic, serial_shops, nicolae_shop_scrapyard,
          nicolae_shop_drivethru, nicolae_shop_behind_doors,
          nicolae_shop_real_fake_doors, kennysheep_pointless_box,
          nicolae_shop_i_like_small_books_too, lemuel_flame_loot_1
D:8:      layout_basic, special_room [special_room_orc], nicolae_shop_clearance
D:9:      layout_irregular_city, gammafunk_ghost_hydra_chop,
          minmay_misc_feat_tower, serial_bayou_pond_a, david_defended_altar_orc,
          uniq_erolcha, uniq_amaemon
D:10:     layout_irregular_city, enter_trove_3, uniq_grum
D:11:     layout_cross, erik_lair_orcish_takeover, dreamdust_gnoll_shepherd,
          uniq_sonja
D:12:     layout_roguey [special_room_orc],
          kennysheep_orc_monster_closet_entryway, uniq_urug
D:13:     layout_roguey, david_vaults_3
D:14:     gammafunk_cloud_chamber, layout_cave_pools,
          dreamdust_mushroom_princess
Temple:   nicolae_temple_bog_church
Lair:1:   layout_roguey
Lair:2:   layout_layer_cave, skrybe_swamp_entry_bodies,
          chequers_serial_rivers_large_b
Lair:3:   layout_roguey, spider_nest_entry_rubble,
          gammafunk_ghost_wrathful_warriors, lemuel_fruit_fields
Lair:4:   layout_regular_city, slime_entry_1, basic_altar, minmay_lindwurm_lava
Lair:5:   minmay_lair_end_frog_pond, layout_regular_city,
          small_statue_intersection

Skill      XL: |  1  2  3  4  5  6  7  8  9 10 11 12 13 14 |
---------------+-------------------------------------------+-----
Unarmed Combat | 3 4 5 6 7 9 11 13 14 16 17 19 | 19.0
Fighting       | 3 4 5 6 7 8 9 10 11 12 | 12.0
Invocations    | 3 5 6 |  6.6
Dodging        | 3 5 6 |  6.0
Armour         | 2 3 |  3.0
Throwing       | 4 6 |  6.0
Shields        | 2 |  2.0
Stealth        | |  2.7

Action                     |  1- 3 |  4- 6 |  7- 9 | 10-12 | 13-15 || total
---------------------------+-------+-------+-------+-------+-------++-------
  Melee: Unarmed           |    22 |    83 |   335 |   539 |   624 ||  1603
         Punch             |     2 |     3 |    12 |    39 |    75 ||   131
  Throw: Dart              |       |       |       |     5 |       ||     5
         Large rock        |       |       |       |     1 |     4 ||     5
 Invoke: Heroism           |       |       |       |     2 |     6 ||     8
         Receive Weapon    |       |       |       |       |     1 ||     1
         Receive Armour    |       |       |       |       |     1 ||     1
  Evoke: Wand              |       |       |     7 |    32 |     5 ||    44
    Use: Scroll            |       |     1 |     6 |    11 |     3 ||    21
         Potion            |       |       |       |     1 |     1 ||     2
   Stab: Sleeping          |       |     6 |    12 |     3 |     4 ||    25
         Distracted        |       |       |       |       |     2 ||     2
 Armour: Robe              |    20 |    51 |   160 |   124 |       ||   355
         Troll leather arm |       |       |       |   219 |   415 ||   634
  Dodge: Dodged            |     9 |    37 |   103 |   178 |   302 ||   629
  Block: Other             |       |     7 |    56 |    89 |   107 ||   259
         Reflection        |       |       |     2 |     6 |     3 ||    11
         Kite shield       |       |       |       |       |     9 ||     9

Table legend: (Time is in decaauts)
 A = Elapsed time spent in this place.
 B = Non-inter-level travel time spent in this place.
 C = Inter-level travel time spent in this place.
 D = Time resting spent in this place.
 E = Time spent auto-exploring this place.
 F = Levels seen in this place.
 G = Mean time per level.
                   A        B        C        D        E       F      G
               +--------+--------+--------+--------+--------+-----+--------+
         Total |  15775 |  15058 |    717 |    498 |   9780 |  20 |  788.8 |
       Dungeon |  10716 |  10199 |    517 |    396 |   6613 |  14 |  765.4 |
        Temple |     10 |     10 |      0 |      0 |      0 |   1 |   10.0 |
          Lair |   5048 |   4849 |    199 |    102 |   3167 |   5 | 1009.6 |
               +--------+--------+--------+--------+--------+-----+--------+

Top non-repeatable levels by time:
  Lair:2: 1266 daAuts
    D:12: 1232 daAuts
     D:5: 1146 daAuts
  Lair:5: 1140 daAuts
     D:7: 934 daAuts
  Lair:4: 921 daAuts
     D:2: 920 daAuts
     D:4: 918 daAuts
  Lair:1: 875 daAuts
  Lair:3: 844 daAuts
     D:8: 794 daAuts
    D:13: 793 daAuts
     D:3: 749 daAuts
    D:10: 688 daAuts
     D:6: 675 daAuts
